 Dungeon Crawl Stone Soup version 0.30-a0-4-ga7cffc901d (webtiles) character file.

Game seed: 7719746196070882164

336 BritishOli the Trooper (level 6, -1/49 HPs)
             Began as a Demonspawn Fighter on Aug 21, 2022.
             Killed by nerve-wracking pain
             ... invoked by an orc priest
              (12 damage)
             ... on level 4 of the Dungeon.
             The game lasted 00:02:07 (3397 turns).

BritishOli the Trooper (Demonspawn Fighter)         Turns: 3397, Time: 00:02:07

Health: -1/49      AC:  7    Str: 19    XL:     6   Next: 28%
Magic:  6/6        EV:  9    Int:  9    God:
Gold:   143        SH:  5    Dex: 12    Spells: 5/5 levels left

rFire   . . .      SeeInvis .    a - +0 long sword
rCold   . . .      Faith    .    c - +0 buckler
rNeg    . . .      Spirit   .    b - +0 scale mail
rPois   .          Reflect  .    (no helmet)
rElec   .          Harm     .    (no cloak)
rCorr   .          Rampage  .    (no gloves)
Will    .....                    (no boots)
Stlth   ..........               (no amulet)
HPRegen 0.16/turn                (no ring)
MPRegen 0.10/turn                (no ring)

@: no status effects
A: hooves 2, demonic guardian 1
a: no special abilities


You were on level 4 of the Dungeon.
You visited 1 branch of the dungeon, and saw 4 of its levels.

You collected 182 gold pieces.
You spent 39 gold pieces at shops.

Inventory:

Hand Weapons
 a - a +0 long sword (weapon)
Armour
 b - a +0 scale mail (worn)
 c - a +0 buckler (worn)
Jewellery
 i - an amulet of guardian spirit
 x - a ring of flight
Scrolls
 e - a scroll of poison {unknown}
 g - 2 scrolls of fear {unknown}
 h - 2 scrolls of identify {unknown}
 j - a scroll of teleportation {unknown}
 m - a scroll of enchant weapon {unknown}
 n - 2 scrolls of noise {unknown}
 o - a scroll of amnesia {unknown}
 s - 2 scrolls of torment {unknown}
 v - a scroll of summoning {unknown}
Potions
 d - a potion of might
 f - 4 potions of curing
 k - a potion of resistance {unknown}
 l - 2 potions of brilliance {unknown}
 p - 3 potions of invisibility {unknown}
 q - a potion of haste {unknown}
 r - a potion of heal wounds {unknown}
 t - 2 potions of attraction {unknown}
 u - a potion of ambrosia {unknown}
 w - a potion of flight {unknown}


   Skills:
 + Level 4.3 Fighting
 + Level 3.3 Long Blades
 + Level 4.0 Armour
 + Level 3.9 Shields


You had 5 spell levels left.
You didn't know any spells.
Your spell library contained the following spells:

 Spells                   Type           Power      Damage    Failure   Level
 Inner Flame              Hex/Fire       0%         N/A       99%         3
 Cause Fear               Hex            0%         N/A       100%        4
 Discord                  Hex            0%         N/A       100%        8


Dungeon Overview and Level Annotations

Branches:
Dungeon (4/15)
 Temple: D:4-7

Altars:

Shops:
D:3 ([:!(


Innate Abilities, Weirdness & Mutations

You have hoof-like feet.
A weak demonic guardian rushes to your aid.


Message History

The orc priest hits you but does no damage. x2
The orc priest calls down the wrath of Beogh upon you.
Beogh smites you! The orc hits you but does no damage.
You hit the orc priest but do no damage.
You kick the orc priest.
The orc priest is moderately wounded.
The orc closely misses you. The orc priest barely misses you.
The orc priest hits you with a +0 dagger.
You barely miss the orc priest.
The orc priest is moderately wounded.
You block the orc's attack. The orc priest misses you.
The orc priest mumbles some strange prayers to Beogh against you.
Pain shoots through your body!
There are monsters nearby!
You are too injured to fight recklessly!
There are monsters nearby!
You are too injured to fight recklessly!
There are monsters nearby!
You are too injured to fight recklessly!
You barely miss the orc priest. Your kick misses the orc priest.
The orc priest is moderately wounded.
You block the orc's attack. The orc priest barely misses you.
The orc priest closely misses you.
You hit the orc priest.
You kick the orc priest, but do no damage.
The orc priest is heavily wounded.
The orc hits you but does no damage. The orc priest barely misses you.
The orc priest hits you but does no damage.
The orc priest casts a cantrip, but nothing happens.
The orc priest hits you but does no damage.
You block the orc's attack.
You hit the orc priest.
The orc priest is severely wounded.
The orc hits you with a +0 trident!
* * * LOW HITPOINT WARNING * * *
The orc priest hits you with a +0 hand axe.
* * * LOW HITPOINT WARNING * * *
The orc priest calls down the wrath of Beogh upon you.
Pain shoots through your body!
You die...

#.. #..?.....# #..
#........# ###..
#........# #....
#........# #....
#........# #....
#........# #####
#....oo..###### #
#....o@.......# #
########......# #
###......#########
...................
####......#########
................
################ .#
# .# #


You could see 2 orc priests and an orc.

Vanquished Creatures
  A phantom (D:4)
  A scorpion (D:4)
  A hound (D:4)
  A jelly (D:4)
  10 adders
  A worm (D:2)
  3 dart slugs
  3 orcs
  4 ball pythons
  7 bats
  4 endoplasms
  3 giant cockroaches
  4 goblins
  3 hobgoblins
  A quokka (D:2)
  A frilled lizard (D:2)
  2 kobolds
  3 rats
53 creatures vanquished.

Vanquished Creatures (collateral kills)
  A worm (D:3)
  A kobold (D:1)
2 creatures vanquished.

Grand Total: 55 creatures vanquished

Notes
Turn   | Place    | Note
-------+----------+-------------------------------------------
     0 | D:1      | BritishOli the Demonspawn Fighter began the quest for the
                  | Orb.
     0 | D:1      | Reached XP level 1. HP: 18/18 MP: 1/1
    69 | D:1      | Gained mutation: A weak demonic guardian rushes to your
                  | aid. [demonic ancestry]
    69 | D:1      | Reached XP level 2. HP: 8/24 MP: 2/2
   390 | D:1      | Found a faded altar of an unknown god.
  1270 | D:2      | Gained mutation: You have large cloven feet. [demonic
                  | ancestry]
  1270 | D:2      | Reached XP level 3. HP: 29/29 MP: 3/3
  1450 | D:3      | Found Igioregu's Book Boutique.
  1612 | D:3      | Found Kihef's Distillery.
  1626 | D:3      | Found Ganeacze's Weapon Boutique.
  1628 | D:3      | Bought a potion of curing for 39 gold pieces
  1792 | D:3      | Found Kups's Antique Armour Boutique.
  1804 | D:3      | Found Bujybb's Antique Weapon Emporium.
  2470 | D:4      | Gained mutation: You have hoof-like feet. [demonic
                  | ancestry]
  2470 | D:4      | Reached XP level 4. HP: 34/35 MP: 4/4
  2779 | D:4      | Reached XP level 5. HP: 42/42 MP: 5/5
  3163 | D:4      | Noticed a phantom
  3169 | D:4      | Killed a phantom
  3170 | D:4      | Reached XP level 6. HP: 35/48 MP: 6/6
  3397 | D:4      | Killed from afar by an orc priest

Illustrated notes

Levels and vault maps discovered:
D:1:      tarquinn_simple_flora_water_c, layout_rooms,
          dreamdust_ecumenical_altar_angels_and_demons
D:2:      layout_loops_ring
D:3:      minmay_general_purpose_star, layout_loops_ring, serial_shops, shop,
          shop, nicolae_shop_advertising_works [nicolae_subvault_shop_adworks],
          nicolae_shop_statue_plus, nicolae_shop_stone, hangedman_decor_push
D:4:      layout_basic, minmay_snake_closets

Skill      XL: |  1  2  3  4  5  6 |
---------------+-------------------+-----
Long Blades    | 2 3 |  3.3
Armour         | 3 4 |  4.0
Shields        | 3 |  3.9
Fighting       | 4 |  4.3

Action                   |  1- 3 |  4- 6 || total
-------------------------+-------+-------++-------
Melee: Long sword        |   116 |    78 ||   194
       Kick              |    10 |    20 ||    30
 Stab: Distracted        |       |     1 ||     1
Armor: Scale mail        |    61 |    40 ||   101
Dodge: Dodged            |    62 |    44 ||   106
Block: Buckler           |    32 |    21 ||    53

Table legend: (Time is in decaauts)
 A = Elapsed time spent in this place.
 B = Non-inter-level travel time spent in this place.
 C = Inter-level travel time spent in this place.
 D = Time resting spent in this place.
 E = Time spent auto-exploring this place.
 F = Levels seen in this place.
 G = Mean time per level.
                   A        B        C        D        E       F      G
               +--------+--------+--------+--------+--------+-----+--------+
         Total |   3459 |   3373 |     86 |    490 |   2449 |   4 |  864.8 |
       Dungeon |   3459 |   3373 |     86 |    490 |   2449 |   4 |  864.8 |
               +--------+--------+--------+--------+--------+-----+--------+

Top non-repeatable levels by time:
     D:4: 1008 daAuts
     D:3: 974 daAuts
     D:1: 842 daAuts
     D:2: 633 daAuts
